 Dungeon Crawl Stone Soup version 0.30-a0-847-g17996783a1 (webtiles) character file.

Game seed: 7001844920026872790

328 retardedninja the Shield-Bearer (level 6, -3/53 HPs)
             Began as a Gnoll Fighter on Mar 3, 2023.
             Killed by divine providence
             ... invoked by an orc priest
              (15 damage)
             ... on level 4 of the Dungeon.
             The game lasted 00:04:37 (3119 turns).

retardedninja the Shield-Bearer (Gnoll Fighter)     Turns: 3119, Time: 00:04:38

Health: -3/53      AC: 15    Str: 18    XL:     6   Next: 50%
Magic:  9/9        EV:  7    Int:  7    God:
Gold:   153        SH:  5    Dex: 11    Spells: 9/9 levels left

rFire   . . .      SeeInvis .    a - +0 flail
rCold   . . .      Faith    .    c - +0 buckler
rNeg    . . .      Spirit   .    i - +0 chain mail
rPois   .          Reflect  .    (no helmet)
rElec   .          Rampage  .    p - +2 cloak
rCorr   .                        (no gloves)
Will    .....                    h - +0 pair of boots Stlth
                                 (no amulet)
HPRegen 0.28/turn                (no ring)
MPRegen 0.11/turn                (no ring)

@: on berserk cooldown, slowed, very slow
A: fangs 1, strong nose, distributed training
a: no special abilities


You were on level 4 of the Dungeon.
You visited 1 branch of the dungeon, and saw 4 of its levels.

You collected 153 gold pieces.

Inventory:

Hand Weapons
 a - a +0 flail (weapon)
Missiles
 e - 4 boomerangs (quivered)
 o - 2 javelins
Armour
 c - a +0 buckler (worn)
 h - a +0 pair of boots (worn)
 i - a +0 chain mail (worn)
 p - a +2 cloak (worn)
Wands
 d - a wand of flame (23)
Scrolls
 f - 3 scrolls of teleportation {unknown}
 g - a scroll of blinking {unknown}
 k - a scroll of noise {unknown}
Potions
 b - 3 potions of curing
 l - a potion of brilliance {unknown}
 m - a potion of mutation {unknown}
 n - a potion of invisibility {unknown}


   Skills:
 + Level 6.9 Fighting
 + Level 2.1 Short Blades
 + Level 2.1 Long Blades
 + Level 2.1 Axes
 + Level 5.0 Maces & Flails
 + Level 2.1 Polearms
 + Level 2.1 Staves
 + Level 2.1 Ranged Weapons
 + Level 2.1 Throwing
 + Level 6.9 Armour
 + Level 2.1 Dodging
 + Level 2.1 Stealth
 + Level 6.9 Shields
 + Level 2.1 Unarmed Combat
 + Level 2.1 Spellcasting
 + Level 1.6 Conjurations
 + Level 1.6 Hexes
 + Level 1.6 Summonings
 + Level 1.6 Necromancy
 + Level 1.6 Translocations
 + Level 1.6 Transmutations
 + Level 1.6 Fire Magic
 + Level 1.6 Ice Magic
 + Level 1.6 Air Magic
 + Level 1.6 Earth Magic
 + Level 1.6 Poison Magic
 + Level 2.3 Invocations
 + Level 2.1 Evocations


You had 9 spell levels left.
You didn't know any spells.
Your spell library contained the following spells:

 Spells                   Type           Power      Damage    Failure   Level
 Sting                    Tmut/Pois      12%        1d3       94%         1
 Blink                    Tloc           6%         N/A       98%         2
 Lesser Beckoning         Tloc           6%         N/A       98%         2
 Momentum Strike          Conj/Tloc      6%         3d8       98%         2
 Poisonous Vapours        Pois/Air       6%         N/A       98%         2
 Olgreb's Toxic Radiance  Pois           3%         N/A       100%        4
 Ozocubu's Refrigeration  Ice            1%         4d7       100%        7
 Ignition                 Fire           1%         3d3       100%        8


Dungeon Overview and Level Annotations

Branches:
Dungeon (4/15)
 Temple: D:4-7

Altars:
Vehumet


Innate Abilities, Weirdness & Mutations

You have very sharp teeth.
Your uncanny sense of smell can sniff out nearby items.
Your experience applies equally to all skills.


Message History

The orc priest hits you with a +0 dagger.
You sock the orc priest!
You kill the orc priest!
The orc hits you with a +0 war axe.
The orc priest calls upon Beogh to heal the orc priest.
The orc priest is healed somewhat.
The orc priest hits you but does no damage.
Items here: )) [ †.
You completely miss the orc priest. You bite the orc priest.
The orc priest is moderately wounded.
The orc barely misses you.
The orc priest hits you but does no damage.
The orc priest invokes the aid of Beogh against you.
Beogh smites you!
You sock the orc priest!
The orc priest is severely wounded.
The orc hits you but does no damage.
The orc priest hits you but does no damage.
The orc priest barely misses you.
You barely miss the orc priest.
The orc priest is severely wounded.
You thump the orc priest!
You kill the orc priest!
The orc hits you but does no damage.
The orc priest hits you but does no damage.
You closely miss the orc priest. Your bite misses the orc priest.
The orc priest is moderately wounded.
You are no longer berserk.
You are exhausted.
You feel yourself slow down. The orc hits you but does no damage.
The orc priest looks satisfied for a moment.
You sock the orc priest!
The orc priest is severely wounded.
The orc hits you with a +0 war axe.
The orc priest hits you but does no damage.
The orc hits you with a +0 war axe.
* * * LOW HITPOINT WARNING * * *
The orc priest mumbles some strange prayers to Beogh against you.
Beogh smites you!
You die...

#.# #.#.#.###
#.###.#.#...#
#...........#
#####...###.###
#...# ...
##..###.#.
#......##.
######.o#.###
........@)#
########o.# ∆
#..# #....∆
##.#.# .#.# ##
#


You could see an orc priest and an orc.

Vanquished Creatures
  Sigmund (D:3)
  2 orc priests (D:4)
  3 orc wizards
  3 adders
  An ufetubus (D:3)
  3 worms
  3 dart slugs
  6 orcs
  4 ball pythons
  5 bats
  4 endoplasms
  5 giant cockroaches
  5 goblins
  4 hobgoblins
  12 jackals
  4 kobolds
  4 rats
69 creatures vanquished.

Notes
Turn   | Place    | Note
-------+----------+-------------------------------------------
     0 | D:1      | retardedninja the Gnoll Fighter began the quest for the
                  | Orb.
     0 | D:1      | Reached XP level 1. HP: 23/23 MP: 1/1
    60 | D:1      | Reached XP level 2. HP: 29/29 MP: 2/2
   377 | D:1      | Reached XP level 3. HP: 35/35 MP: 3/3
   804 | D:2      | Reached skill level 1 in Invocations
   891 | D:2      | Reached skill level 1 in Short Blades
   891 | D:2      | Reached skill level 1 in Long Blades
   891 | D:2      | Reached skill level 1 in Axes
   891 | D:2      | Reached skill level 1 in Polearms
   891 | D:2      | Reached skill level 1 in Staves
   891 | D:2      | Reached skill level 1 in Ranged Weapons
   891 | D:2      | Reached skill level 1 in Throwing
   891 | D:2      | Reached skill level 1 in Dodging
   891 | D:2      | Reached skill level 1 in Stealth
   891 | D:2      | Reached skill level 1 in Unarmed Combat
   891 | D:2      | Reached skill level 1 in Spellcasting
   891 | D:2      | Reached skill level 1 in Evocations
  1038 | D:2      | Found a faded altar of an unknown god.
  1064 | D:2      | Reached XP level 4. HP: 35/41 MP: 5/5
  1548 | D:3      | Reached skill level 1 in Conjurations
  1548 | D:3      | Reached skill level 1 in Hexes
  1548 | D:3      | Reached skill level 1 in Summonings
  1548 | D:3      | Reached skill level 1 in Necromancy
  1548 | D:3      | Reached skill level 1 in Translocations
  1548 | D:3      | Reached skill level 1 in Transmutations
  1548 | D:3      | Reached skill level 1 in Fire Magic
  1548 | D:3      | Reached skill level 1 in Ice Magic
  1548 | D:3      | Reached skill level 1 in Air Magic
  1548 | D:3      | Reached skill level 1 in Earth Magic
  1548 | D:3      | Reached skill level 1 in Poison Magic
  1987 | D:3      | Found a radiant altar of Vehumet.
  2010 | D:3      | Reached XP level 5. HP: 40/47 MP: 5/7
  2334 | D:3      | Noticed Sigmund
  2358 | D:3      | Killed Sigmund
  2813 | D:4      | Reached XP level 6. HP: 47/53 MP: 8/8
  2833 | D:4      | Reached skill level 5 in Maces & Flails
  3119 | D:4      | Killed from afar by an orc priest

Illustrated notes

Levels and vault maps discovered:
D:1:      nzn_arrival_depleted_hourglass, layout_loops_ring
D:2:      layout_basic, chequers_ecumenical_altar_simple_redux,
          minmay_stone_trees_small
D:3:      layout_basic, mainiacjoe_overflow_small_starburst,
          kennysheep_generic_room_16, uniq_sigmund
D:4:      layout_loops_ring, grunt_gozag_breadcrumbs, trog_wizard,
          temple_statues

Skill      XL: |  1  2  3  4  5  6 |
---------------+-------------------+-----
Invocations    | 1 2 |  2.3
Short Blades   | 1 2 |  2.1
Long Blades    | 1 2 |  2.1
Axes           | 1 2 |  2.1
Polearms       | 1 2 |  2.1
Staves         | 1 2 |  2.1
Ranged Weapons | 1 2 |  2.1
Throwing       | 1 2 |  2.1
Dodging        | 1 2 |  2.1
Stealth        | 1 2 |  2.1
Unarmed Combat | 1 2 |  2.1
Spellcasting   | 1 2 |  2.1
Evocations     | 1 2 |  2.1
Conjurations   | 1 |  1.6
Hexes          | 1 |  1.6
Summonings     | 1 |  1.6
Necromancy     | 1 |  1.6
Translocations | 1 |  1.6
Transmutations | 1 |  1.6
Fire Magic     | 1 |  1.6
Ice Magic      | 1 |  1.6
Air Magic      | 1 |  1.6
Earth Magic    | 1 |  1.6
Poison Magic   | 1 |  1.6
Maces & Flails | 5 |  5.0
Fighting       | |  6.9
Armour         | |  6.9
Shields        | |  6.9

Action                     |  1- 3 |  4- 6 || total
---------------------------+-------+-------++-------
  Melee: Flail             |    88 |   140 ||   228
         Bite              |     4 |    12 ||    16
  Throw: Boomerang         |     4 |    10 ||    14
    Use: Potion            |       |     6 ||     6
         Scroll            |       |     2 ||     2
 Armour: Scale mail        |    23 |       ||    23
         Chain mail        |    34 |   138 ||   172
  Dodge: Dodged            |    27 |    58 ||    85
  Block: Buckler           |    31 |    38 ||    69

Table legend: (Time is in decaauts)
 A = Elapsed time spent in this place.
 B = Non-inter-level travel time spent in this place.
 C = Inter-level travel time spent in this place.
 D = Time resting spent in this place.
 E = Time spent auto-exploring this place.
 F = Levels seen in this place.
 G = Mean time per level.
                   A        B        C        D        E       F      G
               +--------+--------+--------+--------+--------+-----+--------+
         Total |   3174 |   3028 |    146 |    421 |   1992 |   4 |  793.5 |
       Dungeon |   3174 |   3028 |    146 |    421 |   1992 |   4 |  793.5 |
               +--------+--------+--------+--------+--------+-----+--------+

Top non-repeatable levels by time:
     D:3: 1258 daAuts
     D:1: 807 daAuts
     D:2: 743 daAuts
     D:4: 365 daAuts
